 Dungeon Crawl Stone Soup version 0.31-a0-1227-g0136665373 (webtiles) character file.

Game seed: 10400932849395145048

396 Daunt the Changeling (level 6, -3/48 HPs)
             Began as a Draconian Hexslinger on Dec 14, 2023.
             Slain by an orc wizard
             ... wielding a +0 flail
              (4 damage)
             ... on level 4 of the Dungeon.
             The game lasted 00:09:55 (2841 turns).

Daunt the Changeling (Draconian Hexslinger)         Turns: 2841, Time: 00:09:56

Health: -3/48      AC:  6    Str: 10    XL:     6   Next: 52%
Magic:  6/9        EV: 12    Int: 13    God:
Gold:   209        SH:  0    Dex: 16    Spells: 7/9 levels left

rFire   . . .        a - +1 sling
rCold   . . .        (no shield)
rNeg    + . .        (body armour unavailable)
rPois   .            (helmet restricted)
rElec   .            (no cloak)
rCorr   .            (no gloves)
SInv    .            (no boots)
Will    .....        (no amulet)
Stlth   +            s - ring of positive energy
HPRegen 0.28/turn    (no ring)
MPRegen 0.11/turn

%: no passive effects
@: weak-willed
A: AC +6, unfitting armour, cold-blooded
a: no special abilities


You were on level 4 of the Dungeon.
You visited 1 branch of the dungeon, and saw 4 of its levels.

You collected 209 gold pieces.

Inventory:

Hand Weapons
 a - a +1 sling (weapon)
Missiles
 j - 21 poisoned darts
 o - 23 stones
Armour
 p - the +1 cloak of Inference {^Contam +Inv rN+++ Int-5}
   (You found it on level 3 of the Dungeon)

   Int-5:     It affects your intelligence (-5).
   rN+++:     It renders you almost immune to negative energy.
   +Inv:      It lets you turn invisible.
   ^Contam:   It causes magical contamination when unequipped.
Magical Staves
 f - a staff of conjuration
Jewellery
 s - a ring of positive energy (left hand)
Talismans
 i - a flux talisman
Scrolls
 b - a scroll of poison
 c - 5 scrolls of identify {unknown}
 d - a scroll of vulnerability {unknown}
 h - a scroll of revelation {unknown}
 m - a scroll of enchant weapon {unknown}
 n - 2 scrolls of teleportation {unknown}
 q - a scroll of amnesia {unknown}
 r - a scroll of enchant armour {unknown}
Potions
 e - a potion of ambrosia {unknown}
 g - 2 potions of invisibility {unknown}
 k - a potion of magic {unknown}
 l - a potion of mutation {unknown}


   Skills:
 - Level 2.0 Fighting
 - Level 1.9 Ranged Weapons
 - Level 1.7 Dodging
 - Level 0.1 Unarmed Combat
 - Level 2.0 Spellcasting
 - Level 4.0 Hexes
 - Level 1.0 Fire Magic
 * Level 4.6 Shapeshifting


You had 7 spell levels left.
You knew the following spells:

 Your Spells              Type           Power      Damage    Failure   Level
a - Jinxbite              Hex            22%        N/A       8%          2

Your spell library contained the following spells:

 Spells                   Type           Power      Damage    Failure   Level
 Sigil of Binding         Hex            11%        N/A       14%         3
 Inner Flame              Hex/Fire       7%         N/A       26%         3
 Cause Fear               Hex            5%         N/A       43%         4
 Dimensional Bullseye     Hex/Tloc       3%         N/A       73%         4


Dungeon Overview and Level Annotations

Branches:
Dungeon (4/15) Zot: 21059
 Temple: D:4-7

Altars:

Annotations:
D:2 1 runed translucent door, Crazy Yiuf


Innate Abilities, Weirdness & Mutations

Your plain brown scales are hard. (AC +6)
You cannot fit into any form of body armour.
You are cold-blooded and may be slowed by cold attacks.


Message History

Confirm with . or Enter, or press ? or * to list all spells.
You beckon some vexing sprites to accompany your attacks.
You feel your willpower being sapped. Something hits you.
* * * LOW HITPOINT WARNING * * *
The orc misses you.
Unknown command.
Unknown command.
Unknown command.
Fire: a) +1 sling
Press: ? - help, Q - select action, (/) - cycle Shift-Dir - straight line, f - orc
Aim: an orc, wielding a +0 trident and wearing a +0 leather armour (heavily wounded, chance to call a sprite on attack: 62%, 59% to hit)
You shoot a sling bullet.
The sling bullet closely misses the orc.
The sling bullet barely misses the orc. x2; The sling bullet hits the orc.
The orc is heavily wounded.
A giggling sprite leaps out and bonks the orc with its +2 short sword of draining.
You kill the orc!
A giggling sprite leaps out and makes the orc trip over its own feet.
The orc is almost dead.
The orc misses you.
You hear some strange, mumbled words.
A magic dart appears from out of thin air!
The magic dart hits you but does no damage.
Unknown command.
Unknown command.
Fire: a) +1 sling
Press: ? - help, Q - select action, (/) - cycle Shift-Dir - straight line, f/p - orc
Aim: an orc, wielding a +0 trident and wearing a +0 leather armour (almost dead, heavily drained, chance to call a sprite on attack: 62%, 59% to hit)
You shoot a sling bullet.
The sling bullet completely misses the orc.
The sling bullet closely misses the orc.
The sling bullet hits the orc.
The orc is severely wounded.
A giggling sprite leaps out and bonks the orc with its +0 sling.
The orc is heavily wounded.
The jinxing sprites lose interest in you.
The orc hits you from afar with a +0 trident!
* * * LOW HITPOINT WARNING * * *
Something hits you.
You die...

###### #....# #.##.#
..##########.##.####
.g)ooo{@.....##....#
#o################.#
#######.#
#.....>.###
#######.#####...##
#.............⌠..##
#.#
#.................#
#.#
#...........⌠.....#
#.#
#..........)...<..#


You could see 4 orcs and a hobgoblin.

Vanquished Creatures
  A phantom (D:4)
  A howler monkey (D:4)
  A jelly (D:4)
  An orc priest (D:4)
  A sleepcap (D:4)
  Terence (D:2)
  An orc wizard (D:4)
  5 adders
  A white imp (D:3)
  A worm (D:4)
  16 orcs
  6 endoplasms
  2 giant cockroaches (D:2)
  4 goblins
  4 hobgoblins
  3 jackals (D:3)
  4 kobolds
  5 quokkas
  5 ball pythons
  5 bats
  4 frilled lizards
  2 rats (D:1)
74 creatures vanquished.

Notes
Turn   | Place    | Note
-------+----------+-------------------------------------------
     0 | D:1      | Daunt the Draconian Hexslinger began the quest for the Orb.
     0 | D:1      | Reached XP level 1. HP: 16/16 MP: 2/2
   227 | D:1      | Reached XP level 2. HP: 23/23 MP: 4/4
   772 | D:2      | Reached skill level 1 in Shapeshifting
   777 | D:2      | Noticed Terence
   793 | D:2      | Killed Terence
   794 | D:2      | Reached XP level 3. HP: 13/28 MP: 5/5
  1014 | D:2      | Learned a level 2 spell: Jinxbite
  1076 | D:2      | Found a runed translucent door.
  1077 | D:2      | Noticed Crazy Yiuf
  1253 | D:2      | Reached XP level 4. HP: 35/35 MP: 6/6
  1643 | D:3      | Found a faded altar of an unknown god.
  2000 | D:3      | Identified the +1 cloak of Inference {^Contam +Inv rN+++
                  | Int-5}
  2245 | D:4      | Noticed a phantom
  2329 | D:4      | Reached XP level 5. HP: 40/40 MP: 5/8
  2553 | D:4      | Reached XP level 6. HP: 24/48 MP: 6/9
  2841 | D:4      | HP: 1/48 [orc/+0 trident (8)]
  2841 | D:4      | Slain by an orc wizard

Illustrated notes

Levels and vault maps discovered:
D:1:      nagdon_arrival_double_spiral, layout_basic
D:2:      layout_loops_cross, uniq_crazy_yiuf_cottage, uniq_terence
D:3:      layout_basic, serial_rivers, chequers_serial_rivers_micro_e,
          chequers_serial_rivers_room_b, chequers_serial_rivers_small_b,
          chequers_serial_rivers_small_3,
          hellmonk_ecumenical_altar_slurped_away, nrook_mini_backslash
D:4:      layout_basic, grunt_ministairs_9

Skill      XL: |  1  2  3  4  5  6 |
---------------+-------------------+-----
Shapeshifting  | 2 3 4 |  4.6
Hexes          | 3 4 |  4.0
Spellcasting   | 2 |  2.0
Fighting       | 2 |  2.0
Ranged Weapons | |  1.9
Dodging        | |  1.7
Unarmed Combat | |  0.1
Fire Magic     | |  1.0

Action                     |  1- 3 |  4- 6 || total
---------------------------+-------+-------++-------
  Melee: Sling             |       |     4 ||     4
   Fire: Sling             |   109 |   167 ||   276
   Cast: Jinxbite          |       |    14 ||    14
Ability: Begin Untransform |       |     1 ||     1
 Armour: Skin              |    24 |    83 ||   107
  Dodge: Dodged            |    23 |    68 ||    91
   Form: Flux              |       |     1 ||     1

Table legend: (Time is in decaauts)
 A = Elapsed time spent in this place.
 B = Non-inter-level travel time spent in this place.
 C = Inter-level travel time spent in this place.
 D = Time resting spent in this place.
 E = Time spent auto-exploring this place.
 F = Levels seen in this place.
 G = Mean time per level.
                   A        B        C        D        E       F      G
               +--------+--------+--------+--------+--------+-----+--------+
         Total |   2938 |   2799 |    139 |    326 |   1922 |   4 |  734.5 |
       Dungeon |   2938 |   2799 |    139 |    326 |   1922 |   4 |  734.5 |
               +--------+--------+--------+--------+--------+-----+--------+

Top non-repeatable levels by time:
     D:3: 906 daAuts
     D:2: 786 daAuts
     D:1: 658 daAuts
     D:4: 587 daAuts
